 Dungeon Crawl Stone Soup version 0.29-a0-920-g5d2155ec51 (console) character file.

Game seed: 6011605226257807635

145975 Ignak the Thaumaturge (level 16, 0/125 HPs)
             Began as a Mummy Necromancer on July 14, 2022.
             Was a High Priest of Sif Muna.
             Constricted to death by a naga warrior (5 damage)
             ... on level 3 of the Snake Pit on July 27, 2022.
             The game lasted 02:30:13 (34820 turns).

Ignak the Thaumaturge (Mummy Necromancer)          Turns: 34820, Time: 02:30:13

Health: 0/125      AC: 25    Str: 11    XL:     16   Next: 88%
Magic:  13/33      EV: 16    Int: 28    God:    Sif Muna [*****.]
Gold:   1402       SH:  8    Dex: 19    Spells: 5/42 levels left

rFire   . . .      SeeInvis +   w - +5 whip (pain)
rCold   + . .      Faith    .   D - +2 buckler {AC+3}
rNeg    + + +      Spirit   .   L - +4 ring mail {rF+}
rPois   ∞          Reflect  .   A - +3 crown of Dyrovepreva {rElec Int+2 SInv}
rElec   +          Harm     .   J - +2 cloak
rCorr   +          Rampage  .   n - +0 pair of gloves
Will    ++...                   Q - +0 pair of boots "Put-Me-On" {Drain rCorr Int+3 Dex+7}
Stlth   ++........              G - amulet of regeneration
HPRegen 1.10/turn               e - +4 ring of protection
MPRegen 0.23/turn               y - +4 ring of evasion

@: death channelling, constricted
A: cold resistance 1, negative energy resistance 3, torment resistance 2, heat
vulnerability 1, in touch with death 2, no potions
a: Renounce Religion, Channel Magic, Forget Spell, Divine Exegesis


You were on level 3 of the Snake Pit.
You worshipped Sif Muna.
Sif Muna was extremely pleased with you.
You visited 5 branches of the dungeon, and saw 27 of its levels.

You collected 4207 gold pieces.
You spent 2805 gold pieces at shops.

Inventory:

Hand Weapons
 a - a +4 hand axe of electrocution
 s - the +5 sling of a Gauntlet {flame, Str+5}
   (You bought it in a shop on level 1 of the Orcish Mines)

   Any ammunition fired from it burns those it strikes, dealing additional fire
   damage.
   Str:       It affects your strength (+5).
 w - a +5 whip of pain (weapon)
 U - the +4 dagger of Dissent {spect, Contam +Blink rCorr Str+4}
   (You found it on level 15 of the Dungeon)

   When its wielder attacks, the weapon's spirit leaps out and strikes again.
   The spirit shares a part of any damage it takes with its wielder.
   Str:       It affects your strength (+4).
   +Blink:    It lets you blink.
   Contam:    It causes magical contamination when unequipped.
   rCorr:     It protects you from acid and corrosion.
Missiles
 o - 32 poisoned darts (quivered)
Armour
 f - +0 acid dragon scales
 n - a +0 pair of gloves (worn)
 A - the +3 crown of Dyrovepreva (worn) {rElec Int+2 SInv}
   (You bought it in a shop on level 2 of the Dungeon)

   Int:       It affects your intelligence (+2).
   rElec:     It insulates you from electricity.
   SInv:      It lets you see invisible.
 D - a +2 buckler of protection (worn)
 J - a +2 cloak (worn)
 L - a +4 ring mail of fire resistance (worn)
 Q - the +0 pair of boots "Put-Me-On" (worn) {Drain rCorr Int+3 Dex+7}
   (You bought it in a shop on level 2 of the Orcish Mines)

   Int:       It affects your intelligence (+3).
   Dex:       It affects your dexterity (+7).
   rCorr:     It protects you from acid and corrosion.
   Drain:     It drains your maximum health when unequipped.
 Y - +0 fire dragon scales
 Z - the +0 leather armour of the Albatross {Will+ Dex+7 Stlth+}
   (You found it on level 1 of the Snake Pit)

   Dex:       It affects your dexterity (+7).
   Will:      It increases your willpower.
   Stlth:     It makes you more stealthy.
Magical Staves
 b - a staff of death
Jewellery
 c - a ring of ice
 d - a ring of protection from cold
 e - a +4 ring of protection (left hand)
 h - a ring of willpower
 j - an amulet of magic regeneration
 k - a ring of see invisible
 x - a ring of flight
 y - a +4 ring of evasion (right hand)
 F - an amulet of reflection
 G - an amulet of regeneration (around neck)
 S - a ring of fire
 T - a +4 ring of protection
Wands
 l - a wand of polymorph (12)
 q - a wand of paralysis (18)
 z - a wand of quicksilver (11)
 B - a wand of flame (47)
 K - a wand of mindburst (2)
 O - a wand of digging (14)
Scrolls
 g - 15 scrolls of identify
 i - 2 scrolls of amnesia
 m - a scroll of torment
 r - 13 scrolls of teleportation
 t - 6 scrolls of blinking
 C - 3 scrolls of magic mapping
 I - a scroll of butterflies
 M - 2 scrolls of fear
 P - 3 scrolls of poison
Miscellaneous
 N - a phantom mirror
 V - a lightning rod (4/4)
 W - a box of beasts


   Skills:
 + Level 11.0 Fighting
 + Level 7.1(7.3) Maces & Flails
 - Level 2.0(4.9) Staves
 * Level 4.3 Armour
 + Level 9.8 Dodging
 - Level 3.0 Stealth
 - Level 5.0 Shields
 + Level 13.8 Spellcasting
 - Level 4.2 Hexes
 * Level 9.1 Summonings
 * Level 13.0 Necromancy
 - Level 2.0 Translocations
 - Level 3.0 Air Magic
 - Level 6.1 Earth Magic
 + Level 8.4 Invocations
 - Level 4.2 Evocations


You had 5 spell levels left.
You knew the following spells:

 Your Spells              Type           Power      Damage    Failure   Level
a - Death Channel         Necr           59%        N/A       5%          6
b - Blink                 Tloc           60%        N/A       5%          2
c - Vampiric Draining     Necr           100%       2d13      1%          3
e - Summon Cactus Giant   Summ           31%        N/A       28%         6
f - Borgnjor's Vile Clut  Necr/Erth      52%        N/A       4%          5
h - Lee's Rapid Deconstr  Erth           26%        3d15*     17%         5
q - Anguish               Hex/Necr       50%        N/A       2%          4
r - Animate Dead          Necr           100%       N/A       1%          4
t - Passwall              Tmut/Erth      30%        N/A       3%          2

Your spell library contained the following spells:

 Spells                   Type           Power      Damage    Failure   Level
 Necrotise                Necr           100%       1d9       1%          1
 Slow                     Hex            100%       N/A       1%          1
 Summon Guardian Golem    Hex/Summ       54%        N/A       1%          3
 Dispel Undead            Necr           100%       3d31      1%          4
 Agony                    Necr           100%       N/A       1%          5
 Shock                    Conj/Air       100%       1d9       4%          1
 Ensorcelled Hibernation  Hex/Ice        62%        N/A       4%          2
 Confusing Touch          Hex            43%        N/A       4%          3
 Tukima's Dance           Hex            43%        N/A       4%          3
 Portal Projectile        Hex/Tloc       72%        N/A       6%          3
 Summon Lightning Spire   Summ/Air       52%        N/A       6%          4
 Stone Arrow              Conj/Erth      72%        3d11      7%          3
 Swiftness                Air            36%        N/A       7%          3
 Corpse Rot               Necr/Pois/Air  84%        N/A       9%          4
 Leda's Liquefaction      Hex/Erth       24%        N/A       9%          4
 Dazzling Flash           Conj/Hex       62%        N/A       10%         3
 Inner Flame              Hex/Fire       31%        N/A       10%         3
 Lesser Beckoning         Tloc           30%        N/A       11%         3
 Cause Fear               Hex            21%        N/A       14%         4
 Summon Mana Viper        Hex/Summ       54%        N/A       14%         5
 Mephitic Cloud           Conj/Pois/Air  24%        N/A       16%         3
 Summon Forest            Summ/Tloc      25%        N/A       22%         5
 Ignite Poison            Fire/Tmut/Pois 19%        N/A       24%         3
 Fulminant Prism          Conj/Hex       15%        3d11      32%         4
 Passage of Golubria      Tloc           30%        N/A       34%         4
 Silence                  Hex/Air        19%        N/A       43%         5
 Iskenderun's Mystic Bla  Conj/Tloc      25%        2d7       45%         4
 Manifold Assault         Tloc           30%        N/A       67%         5
 Metabolic Englaciation   Hex/Ice        15%        N/A       67%         5
 Yara's Violent Unravell  Hex/Tmut       15%        3d8       67%         5
 Freezing Cloud           Conj/Ice/Air   12%        6-21      82%         5
 Alistair's Intoxication  Tmut/Pois      12%        N/A       91%         5
 Fireball                 Conj/Fire      9%         3d6       91%         5
 Irradiate                Conj/Tmut      9%         3d14      91%         5
 Haunt                    Necr/Summ      55%        N/A       56%         7
 Summon Hydra             Summ           31%        N/A       83%         7
 Dispersal                Tloc           15%        N/A       99%         6
 Conjure Ball Lightning   Conj/Air       13%        3x3d6     100%        6
 Eringya's Noxious Bog    Tmut/Pois      9%         N/A       100%        6
 Starburst                Conj/Fire      9%         6d5       100%        6
 Enfeeble                 Hex            21%        N/A       100%        7
 Discord                  Hex            21%        N/A       100%        8
 Disjunction              Tloc           15%        N/A       100%        8
 Ignition                 Fire           9%         3d5       100%        8
 Maxwell's Capacitive Co  Air            18%        ∞         100%        8
 Chain Lightning          Conj/Air       13%        3d18      100%        9
 Sublimation of Blood     Necr           Unusable   N/A       N/A         2
 Wereblood                Tmut           Unusable   N/A       N/A         2
 Blade Hands              Tmut           Unusable   N/A       N/A         5
 Statue Form              Tmut/Erth      Unusable   N/A       N/A         6
 Dragon Form              Tmut           Unusable   N/A       N/A         7

Dungeon Overview and Level Annotations

Branches:
Dungeon (15/15)            Temple (1/1) D:6            Lair (6/6) D:8
  Swamp (0/4) Lair:3        Snake (3/4) Lair:4        Slime (0/5) Lair:6
    Orc (2/2) D:11            Elf (0/3) Orc:2        Vaults (0/5) D:14
 Depths (0/4) D:15

Altars:
Ashenzari
Cheibriados
Dithmenos
Fedhas
Gozag
Hepliaklqana
Kikubaaqudgha
Makhleb
Nemelex Xobeh
Okawaru
Qazlal
Ru
Sif Muna
Trog
Uskayaw
Vehumet
Wu Jian
Xom
Yredelemnul

Shops:
D:2 ![[(*   D:6 =   D:12 :   D:13 [*=(   D:14 (   Orc:1 (   Orc:2 [*(*:
Snake:3 =((

Portals:
Abyss: D:6

Annotations:
D:6 2 transporters, Gargoyl's ghost, novice GrBe


Innate Abilities, Weirdness & Mutations

You are immune to poison.
Your flesh is cold resistant. (rC+)
You are immune to negative energy. (rN+++)
You are immune to unholy pain and torment.
You are vulnerable to heat. (rF-)
You are strongly in touch with the powers of death.
You do not drink.


Message History

The naga warrior goes into a battle-frenzy!
You completely miss the guardian serpent.
The guardian serpent is severely wounded.
The guardian serpent casts a spell at you.
The guardian serpent hits you!
You hit the guardian serpent.
The guardian serpent writhes in agony!
The guardian serpent is almost dead.
The naga warrior roars a battlecry!
The naga warrior goes into a battle-frenzy!
The guardian serpent coils itself and waves its upper body at you.
The bolt of poison misses you.
The bolt of poison hits your naga warrior zombie.
Your naga warrior zombie completely resists.
The bolt of poison hits your spectral naga.
Your spectral naga completely resists.
The bolt of poison hits your spectral naga.
Your spectral naga completely resists.
You hit the guardian serpent.
You kill the guardian serpent!
Sif Muna accepts your kill.
A glowing mist starts to gather...
Unknown command.
You see here a guardian serpent corpse.
Your spectral guardian serpent hits the naga warrior.
Your spectral guardian serpent hits the naga warrior!
You swap places.
The naga warrior hits you with a +2 vorpal war axe!!
You block the naga warrior's attack.
You hit the naga warrior.
The naga warrior writhes in agony.
The naga warrior is moderately wounded.
The naga warrior completely misses you. The naga warrior grabs you.
The naga warrior constricts you.
You barely miss the naga warrior.
The naga warrior is moderately wounded.
The naga warrior hits you from afar with a +0 glaive!!
* * * LOW HITPOINT WARNING * * *
The naga warrior hits you with a +2 vorpal war axe!!
* * * LOW HITPOINT WARNING * * *
x2 The naga warrior constricts you.
You die...

.#.## #...# #...#
#...# #...# #>.Z#
#####Z.Z#
##....ZZZ##########
......#ZZZZZZ@NN..#
######.)Z#######...≈≈
##)## ..≈ #)#.# ≈
#...# #.).# ##..#
#...# # #..##


You could see 2 naga warriors, 2 friendly spectral black mambas, 3 friendly
spectral nagas, a friendly spectral guardian serpent, a friendly black mamba
zombie, 2 friendly naga zombies and a friendly naga warrior zombie.

Vanquished Creatures
  Frances (Snake:1)
  Kirke (Lair:2)
  An orc warlord (Orc:2)
  Louise (Snake:1)
  An ettin (D:15)
  A fire dragon (D:15)
  A boulder beetle (D:13)
  The ghost of passerby the Cleaver, a novice OgBe of Trog (Orc:1)
  8 hydras
  3 two-headed ogres
  An ice dragon (D:15)
  An ogre mage (D:14)
  An anaconda (Snake:1)
  2 naga warriors (Snake:2)
  A death knight (D:8)
  A merfolk avatar (Lair:6)
  4 centaur warriors
  2 shock serpents
  3 naga sharpshooters
  22 death yaks
  A tengu warrior (D:13)
  An orc high priest (Orc:2)
  Sonja (Lair:6)
  A salamander mystic (Snake:2)
  2 sea snakes (Lair:6)
  2 naga ritualists
  Pikel (D:4)
  2 harpies (Lair:6)
  A deep elf pyromancer (D:12)
  A deep elf zephyrmancer (D:14)
  5 ugly things
  5 mana vipers
  2 orc sorcerers (Orc:2)
  4 manticores
  8 orc knights
  2 oklob plants (Lair:3)
  A cyclops (D:15)
  5 salamanders
  Maurice (D:15)
  11 elephants
  A guardian serpent (Snake:3)
  8 black mambas
  19 cane toads
  6 naga magi
  4 gargoyles
  An ice statue (D:10)
  4 komodo dragons
  A yaktaur (D:15)
  3 rime drakes
  2 nameless horrors
  2 trolls
  A tengu conjurer (D:13)
  A wind drake (Lair:6)
  2 hornets
  7 polar bears
  4 meliai
  7 slime creatures
  Grinder (D:6)
  6 blink frogs
  11 dream sheep
  2 snapping turtles (Lair:6)
  3 vampires
  7 wyverns
  A shadow (D:11)
  2 wraiths
  43 yaks
  3 hogs (Lair:2)
  5 basilisks
  3 steam dragons
  Edmund (D:4)
  3 vampire mosquitoes
  3 wargs
  11 nagas
  2 acid dragons
  10 water moccasins
  15 orc warriors
  A sky beast (D:7)
  A black bear (D:5)
  13 ogres
  16 wolves
  3 phantoms
  4 kobold brigands
  10 bullfrogs
  2 gnoll sergeants (D:6)
  A necrophage (D:8)
  3 scorpions
  9 wights
  10 killer bees
  13 howler monkeys
  2 electric eels
  A bullfrog zombie (D:7)
  3 centaur zombies (D:7)
  2 jellies
  9 hounds
  14 orc priests
  Crazy Yiuf (D:2)
  3 gnoll boudas
  Jessica (D:2)
  5 iguanas
  Natasha (thrice) (D:4)
  Terence (D:2)
  20 orc wizards
  2 killer bee zombies (D:7)
  15 gnolls
  8 adders
  A shadow imp (D:8)
  A white imp (D:6)
  2 ufetubi
  A worm (D:2)
  5 dart slugs
  72 orcs
  5 ball pythons
  7 bats
  7 endoplasms
  2 giant cockroaches
  8 goblins
  7 hobgoblins
  2 jackals (D:1)
  A quokka (D:1)
  3 frilled lizards
  23 kobolds
  6 rats
648 creatures vanquished.

Vanquished Creatures (collateral kills)
  Nikola (Snake:3)
  Nessos (Lair:6)
  The ghost of Zoraivy the Severer, a journeyman DDFi of Elyvilon (Lair:5)
  Josephine (Orc:2)
  2 salamander tyrants
  A centaur warrior (D:15)
  An anaconda (Snake:3)
  A two-headed ogre (D:11)
  4 naga warriors
  A shock serpent (Snake:3)
  An orc high priest (Orc:2)
  4 naga sharpshooters
  A salamander mystic (Snake:3)
  3 sea snakes (Snake:2)
  2 naga ritualists
  A deep elf zephyrmancer (D:14)
  2 deep elf pyromancers
  A phantasmal warrior (D:15)
  2 orc knights (Orc:2)
  3 salamanders (Snake:3)
  3 orc sorcerers (Orc:2)
  An ugly thing (D:15)
  5 mana vipers
  A guardian serpent (Snake:1)
  10 black mambas
  6 naga magi
  A rime drake (Lair:6)
  3 yaktaurs (D:15)
  7 slime creatures
  A blink frog (Lair:6)
  2 wraiths (Orc:2)
  2 wargs
  17 nagas
  4 orc warriors
  2 ogres
  3 electric eels (Snake:2)
  2 orc priests
  2 orc wizards
  9 orcs
  A goblin (D:1)
  A quokka (D:3)
117 creatures vanquished.

Vanquished Creatures (others)
  A tengu reaver (D:15)
  An ettin (Orc:2)
  A centaur warrior (D:14)
  A naga warrior (Snake:3)
  An orc high priest (Orc:2)
  2 sea snakes (Snake:2)
  A human zombie (Snake:3)
  An anaconda zombie (Snake:1)
  A deep elf archer (D:14)
  2 orc knights
  2 ugly things (D:15)
  A salamander (Snake:3)
  2 black mambas
  A shock serpent zombie (Snake:2)
  A sea snake zombie (Snake:2)
  A naga mage (Snake:3)
  A komodo dragon (shapeshifter) (D:14)
  5 mana viper zombies
  A yaktaur (D:15)
  A troll (Orc:2)
  An ettin zombie (Orc:2)
  A guardian serpent zombie (Snake:1)
  8 black mamba zombies
  A wyvern (Lair:6)
  A vampire mosquito (D:12)
  3 nagas
  4 dancing weapons
  An acid dragon (D:11)
  A two-headed ogre zombie (D:14)
  11 orc warriors
  5 ogres
  A vampire mosquito zombie (D:12)
  2 centaurs (D:14)
  3 salamander zombies (Snake:3)
  3 yaktaur zombies (D:15)
  2 warg zombies (Orc:2)
  A troll zombie (Orc:2)
  An electric eel (Snake:2)
  An orc priest (Orc:2)
  2 orc wizards
  9 ogre zombies
  11 naga zombies
  A gnoll (Orc:1)
  35 orc zombies
  2 orcs
  2 gnoll zombies (Orc:1)
  38 fungi
  184 plants
  3 withered plants (D:7)
366 creatures vanquished.

Grand Total: 1131 creatures vanquished

Notes
Turn   | Place    | Note
-------+----------+-------------------------------------------
     0 | D:1      | Ignak the Mummy Necromancer began the quest for the Orb.
     0 | D:1      | Reached XP level 1. HP: 13/13 MP: 4/4
   327 | D:1      | Reached XP level 2. HP: 16/19 MP: 3/5
   905 | D:1      | Gained mutation: You are in touch with the powers of death.
                  | [Mummy growth]
   905 | D:1      | Reached XP level 3. HP: 24/24 MP: 7/7
   909 | D:1      | Learned a level 3 spell: Vampiric Draining
  1365 | D:2      | Upgraded the game from 0.29-a0-839-g4793fd635e to
                  | 0.29-a0-920-g5d2155ec51
  1444 | D:2      | Found Qeac's Weapon Shop.
  1502 | D:2      | Found Nacio's General Store.
  1595 | D:2      | Noticed Jessica
  1614 | D:2      | Noticed Terence
  1649 | D:2      | Killed Terence
  1650 | D:2      | Reached XP level 4. HP: 30/30 MP: 7/9
  1671 | D:2      | Killed Jessica
  1766 | D:2      | Found Luuhiydgh's Distillery.
  1792 | D:2      | Found a runed translucent door.
  1793 | D:2      | Noticed Crazy Yiuf
  2028 | D:2      | Found Meba's Armour Boutique.
  2081 | D:2      | Found Zaelidus's Armour Shoppe.
  2161 | D:2      | Reached XP level 5. HP: 33/35 MP: 9/11
  2435 | D:3      | Found a faded altar of an unknown god.
  3013 | D:3      | Learned a level 3 spell: Tukima's Dance
  3475 | D:4      | Noticed a lemure
  3476 | D:4      | Noticed Pikel
  3476 | D:4      | Noticed a lemure
  3476 | D:4      | Noticed a lemure
  3476 | D:4      | Noticed a water moccasin
  3485 | D:4      | Noticed a lemure
  3562 | D:4      | Reached skill level 1 in Hexes
  3911 | D:4      | Reached XP level 6. HP: 38/41 MP: 12/12
  3969 | D:4      | Noticed Edmund
  3984 | D:4      | Noticed Natasha
  4001 | D:4      | Killed a water moccasin
  4025 | D:5      | Entered Level 5 of the Dungeon
  4179 | D:4      | Killed Edmund
  4180 | D:4      | Reached XP level 7. HP: 40/46 MP: 13/13
  4193 | D:4      | Killed Natasha
  4284 | D:4      | Killed Pikel
  4285 | D:4      | Reached skill level 5 in Spellcasting
  4285 | D:4      | Reached skill level 5 in Necromancy
  4285 | D:4      | Reached skill level 1 in Evocations
  4285 | D:4      | Reached XP level 8. HP: 39/56 MP: 8/15
  4456 | D:4      | Noticed Natasha
  4466 | D:4      | Killed Natasha
  4695 | D:4      | Noticed Natasha
  4707 | D:4      | Killed Natasha
  5635 | D:2      | Killed Crazy Yiuf
  5847 | D:6      | Found a staircase to the Ecumenical Temple.
  5984 | D:6      | Found Hicvynao's Jewellery Shop.
  5993 | Temple   | Entered the Ecumenical Temple
  5993 | Temple   | Found a transporter.
  5993 | Temple   | Found a transporter.
  5995 | Temple   | Found a transporter.
  5995 | Temple   | Found a transporter.
  6100 | Temple   | Became a worshipper of Sif Muna the Loreminder
  6240 | D:6      | Found a one-way gate to the infinite horrors of the Abyss.
  6240 | D:6      | Noticed Gargoyl's ghost (novice GrBe)
  6242 | D:6      | Noticed an ancient zyme
  6246 | D:6      | Noticed a raiju
  6273 | D:6      | Found a transporter.
  6286 | D:6      | Found a transporter.
  6336 | D:6      | Reached XP level 9. HP: 62/65 MP: 10/19
  6977 | D:6      | Reached skill level 5 in Dodging
  7214 | D:6      | Reached * piety under Sif Muna
  7228 | D:6      | Reached skill level 5 in Fighting
  7635 | D:6      | Noticed a troll
  7650 | D:6      | Killed a troll
  7875 | D:6      | Reached ** piety under Sif Muna
  7884 | D:6      | Reached XP level 10. HP: 68/76 MP: 22/22
  8166 | D:6      | Noticed Grinder
  8191 | D:6      | Paralysed by something for 5 turns
  8207 | D:6      | Killed Grinder
  9305 | D:7      | Found a radiant altar of Vehumet.
  9528 | D:7      | Reached skill level 1 in Invocations
  9667 | D:7      | Found a blossoming altar of Fedhas.
 10704 | D:8      | Reached *** piety under Sif Muna
 10727 | D:8      | Noticed a centaur warrior
 10735 | D:8      | Killed a centaur warrior
 10902 | D:8      | Found a staircase to the Lair.
 11011 | D:8      | Reached XP level 11. HP: 79/84 MP: 24/24
 11182 | D:8      | Reached skill level 1 in Staves
 11312 | D:8      | Noticed a death knight
 11370 | D:8      | Noticed a centaur warrior
 11384 | D:8      | Killed a centaur warrior
 11481 | D:8      | Learned a level 6 spell: Summon Cactus Giant
 11688 | D:2      | Bought the +3 crown of Dyrovepreva {rElec Int+2 SInv} for
                  | 414 gold pieces
 11688 | D:2      | Found the +3 crown of Dyrovepreva {rElec Int+2 SInv}
 12055 | D:8      | Killed a death knight
 12056 | D:8      | Reached skill level 1 in Summonings
 12934 | D:9      | Reached skill level 10 in Spellcasting
 13442 | D:9      | Reached **** piety under Sif Muna
 13462 | D:9      | Reached skill level 1 in Shields
 13518 | D:9      | Learned a level 2 spell: Blink
 13704 | D:9      | Found a broken altar of Ashenzari.
 14126 | D:10     | Entered Level 10 of the Dungeon
 14302 | D:10     | Reached skill level 1 in Maces & Flails
 14431 | D:10     | Identified a scroll of acquirement
 14433 | D:10     | Acquired 827 gold pieces
 14661 | D:2      | Bought a +1 cloak for 115 gold pieces
 14661 | D:2      | Bought a +4 ring mail of fire resistance for 310 gold
                  | pieces
 15010 | D:2      | Bought a scroll of magic mapping for 90 gold pieces
 15144 | D:6      | Bought an amulet of regeneration for 300 gold pieces
 15438 | D:10     | Noticed a two-headed ogre
 15543 | D:10     | Killed a two-headed ogre
 15978 | D:10     | Learned a level 5 spell: Lee's Rapid Deconstruction
 16009 | D:11     | Noticed a cyan ugly thing
 16056 | Lair:1   | Entered Level 1 of the Lair of Beasts
 16174 | Lair:1   | Noticed an eight-headed hydra
 16189 | Lair:1   | Killed an eight-headed hydra
 16190 | Lair:1   | Reached skill level 1 in Translocations
 16377 | Lair:1   | Reached skill level 1 in Earth Magic
 16537 | Lair:1   | Reached XP level 12. HP: 92/92 MP: 26/26
 16763 | Lair:1   | Reached ***** piety under Sif Muna
 17401 | Lair:2   | Learned a level 5 spell: Borgnjor's Vile Clutch
 17975 | Lair:3   | Received a gift from Sif Muna
 17977 | Lair:3   | Got Sif Muna's Discourse on the Tempest and Arcane Weapons
                  | {god gift}
 18018 | Lair:2   | Learned a level 4 spell: Summon Lightning Spire
 18162 | Lair:3   | Found a staircase to the Swamp.
 18285 | Lair:3   | Noticed Kirke
 18429 | Lair:2   | Noticed a sphinx
 18443 | Lair:2   | Killed Kirke
 18651 | Lair:3   | Reached skill level 1 in Air Magic
 19003 | Lair:3   | Noticed a seven-headed hydra
 19016 | Lair:3   | Killed a seven-headed hydra
 19153 | Lair:3   | Gained mutation: You are strongly in touch with the powers
                  | of death. [Mummy growth]
 19153 | Lair:3   | Reached XP level 13. HP: 94/98 MP: 27/27
 19539 | Lair:4   | Reached skill level 5 in Invocations
 19820 | Lair:4   | Found a staircase to the Snake Pit.
 20581 | Lair:5   | Found a large runed translucent door.
 20581 | Lair:5   | Found a large runed translucent door.
 20588 | Lair:5   | Noticed Zoraivy's ghost (journeyman DDFi)
 20717 | Lair:5   | Reached skill level 10 in Necromancy
 21287 | Lair:5   | Reached skill level 5 in Shields
 21981 | Lair:5   | Killed Zoraivy's ghost
 22075 | Lair:6   | Entered Level 6 of the Lair of Beasts
 22224 | Lair:6   | Reached skill level 5 in Earth Magic
 22364 | Lair:5   | Reached skill level 1 in Armour
 22473 | Lair:5   | Received a gift from Sif Muna
 22474 | Lair:5   | Got Lemivypaism's Quarto of the Hindering Legion {god gift}
 22815 | Lair:5   | Reached XP level 14. HP: 93/108 MP: 19/29
 23060 | Lair:5   | Reached skill level 5 in Summonings
 23185 | Lair:5   | Learned a level 4 spell: Anguish
 23382 | Lair:6   | Noticed Nessos
 23408 | Lair:6   | Killed Nessos
 23919 | Lair:6   | Reached skill level 5 in Maces & Flails
 23926 | Lair:6   | Noticed Sonja
 23937 | Lair:6   | Killed Sonja
 24230 | Lair:6   | Found a staircase to the Slime Pits.
 25073 | D:11     | Found a staircase to the Orcish Mines.
 25292 | D:11     | Found a blossoming altar of Fedhas.
 25598 | Orc:1    | Entered Level 1 of the Orcish Mines
 25612 | D:11     | Learned a level 4 spell: Animate Dead
 25663 | Orc:1    | Found a runed translucent door.
 25667 | Orc:1    | Noticed passerby's ghost (novice OgBe)
 25732 | Orc:1    | Killed passerby's ghost
 25804 | Orc:1    | Found Dalistreovu's Antique Weapon Shoppe.
 25819 | Orc:1    | Bought a jewelled sling for 162 gold pieces
 25819 | Orc:1    | Identified the +5 sling of a Gauntlet {flame, Str+5} (You
                  | bought it in a shop on level 1 of the Orcish Mines)
 26156 | Orc:2    | Entered Level 2 of the Orcish Mines
 26158 | Orc:2    | Noticed an orc warlord
 26180 | Orc:1    | Received a gift from Sif Muna
 26335 | Orc:2    | Killed an orc warlord
 26390 | Orc:2    | Found Afuimn's Antique Weapon Emporium.
 26558 | Orc:2    | Noticed Josephine
 26559 | Orc:2    | Found Wyroser's General Store.
 26571 | Orc:2    | Killed Josephine
 26595 | Orc:2    | Reached XP level 15. HP: 111/115 MP: 6/31
 26606 | Orc:2    | Bought a scroll of blinking for 120 gold pieces
 26606 | Orc:2    | Bought a scroll of acquirement for 832 gold pieces
 26607 | Orc:2    | Acquired 926 gold pieces
 26612 | Orc:2    | Bought a +0 pair of boots for 72 gold pieces
 26623 | Orc:2    | Found a staircase to the Elven Halls.
 26780 | Orc:2    | Found Vaecs's Antique Armour Shop.
 26788 | Orc:2    | Bought a pair of shimmering boots for 266 gold pieces
 26788 | Orc:2    | Identified the +0 pair of boots "Put-Me-On" {Drain rCorr
                  | Int+3 Dex+7} (You bought it in a shop on level 2 of the
                  | Orcish Mines)
 27006 | Orc:2    | Found Xihual's Book Emporium.
 27282 | Orc:2    | Found Idyag's Assorted Antiques.
 27524 | Orc:2    | Bought a scroll labelled POLI LOSOV for 34 gold pieces
 27966 | D:12     | Reached skill level 10 in Fighting
 27970 | D:12     | Received a gift from Sif Muna
 27973 | D:12     | Got Sif Muna's Octavo of Enchantment {god gift}
 28122 | D:12     | Found Ynigg's Book Boutique.
 28914 | D:13     | Found Soifo's Weapon Boutique.
 28923 | D:13     | Found Amats's Jewellery Emporium.
 28934 | D:13     | Noticed Maurice
 29180 | D:13     | Found Jasmedd's General Store.
 29186 | D:13     | Bought a scroll of blinking for 90 gold pieces
 29261 | D:13     | Found Wuhy's Armour Boutique.
 29580 | D:14     | Found Semnolla's Weapon Shop.
 29885 | D:14     | Found a shimmering altar of Xom.
 29885 | D:14     | Found a shimmering altar of Xom.
 29886 | D:14     | Found a shimmering altar of Xom.
 29886 | D:14     | Found a shimmering altar of Xom.
 29887 | D:14     | Found a shimmering altar of Xom.
 29887 | D:14     | Found a shimmering altar of Xom.
 29888 | D:14     | Found a shimmering altar of Xom.
 29890 | D:14     | Found a shimmering altar of Xom.
 30832 | D:14     | Found a gate to the Vaults.
 30904 | D:15     | Entered Level 15 of the Dungeon
 31129 | D:15     | Found a runed translucent door.
 31129 | D:15     | Noticed a tengu reaver
 31144 | D:15     | Killed a tengu reaver
 31160 | D:15     | Identified the +4 dagger of Dissent {spect, Contam +Blink
                  | rCorr Str+4}
 31386 | D:15     | Killed Maurice
 31505 | D:15     | Found a staircase to the Depths.
 31911 | Snake:1  | Entered Level 1 of the Snake Pit
 32024 | Snake:1  | Reached XP level 16. HP: 106/123 MP: 0/33
 32236 | Snake:1  | Noticed Louise
 32265 | Snake:1  | Killed Louise
 32310 | Snake:1  | Noticed Frances
 32329 | Snake:1  | Killed Frances
 32390 | Snake:1  | Identified the +0 leather armour of the Albatross {Will+
                  | Dex+7 Stlth+}
 32445 | Snake:1  | Learned a level 2 spell: Passwall
 32868 | Snake:2  | Received a gift from Sif Muna
 32869 | Snake:2  | Got Sif Muna's Papyrus of Unhallowed Rituals and Guile {god
                  | gift}
 32879 | Snake:2  | Learned a level 6 spell: Death Channel
 34052 | Snake:3  | Found a basalt altar of Yredelemnul.
 34056 | Snake:3  | Noticed Nikola
 34194 | Snake:3  | Killed Nikola
 34339 | Snake:3  | Found Aggyb's Antique Weapon Boutique.
 34341 | Snake:3  | Found Zoeguuqi's Antique Weapon Shop.
 34343 | Snake:3  | Found Cezxot's Jewellery Boutique.
 34390 | Snake:3  | Your ally Nikola died
 34784 | Snake:3  | Received a gift from Sif Muna
 34789 | Snake:3  | Got Sif Muna's Opusculum on the Warped Nimbus {god gift}
 34820 | Snake:3  | HP: 5/125 [naga warrior/+2 vorpal war axe (8)]
 34820 | Snake:3  | Constricted to death by a naga warrior

Illustrated notes

Levels and vault maps discovered:
D:1:      minmay_arrival_checkered_box, layout_basic
D:2:      layout_basic, serial_shops, shop, nicolae_shop_trees,
          nicolae_shop_advertising_works [nicolae_subvault_shop_adworks], shop,
          shop, uniq_terence, uniq_crazy_yiuf_cottage, uniq_jessica
D:3:      layout_basic, shapermc_ecumenical_altar_starsandcircs
D:4:      layout_loops_ring, uniq_pikel, uniq_natasha, uniq_edmund
D:5:      layout_gridville, amcnicky_mini_pool_small
D:6:      lemuel_castle_with_subvaults [lemuel_castle_interior_carwin_1],
          layout_loops_ring, minmay_temple_entry_slanted,
          gammafunk_ghost_abyssal_escape, serial_shops, nicolae_stop_n_shop_2,
          st_stairs_14, uniq_grinder
D:7:      layout_basic, mainiacjoe_overflow_catch_the_wave, serial_undead,
          serial_undead_f, serial_undead_c, serial_undead_c, serial_undead_f,
          minivault_23
D:8:      minmay_cut_squares, layout_basic, lair_entry_dummy
D:9:      layout_grid_maze, lemuel_doored_altar
D:10:     layout_loops_cross, minivault_16
D:11:     layout_roguey, david_orc_2, fedhas_altar_1
D:12:     layout_rooms, serial_shops, nicolae_stop_n_shop_1, minivault_1
D:13:     layout_loops_ring, serial_shops, nicolae_shop_stone,
          nicolae_shop_bloodbath_and_beyond, shop, nicolae_shop_crystal,
          uniq_maurice
D:14:     layout_cross, hangedman_vaults_entry_quadrant_bands,
          chequers_serial_rivers_large_b, serial_shops, shop, xom_redecorated
D:15:     grunt_enter_depths_hoard, layout_gridville, elyvilon_altar_1,
          kennysheep_treasure_room
Temple:   hellmonk_temple_divided_pantheon
Lair:1:   layout_roguey
Lair:2:   layout_long_grid, grunt_megastairs_5, infiniplex_staircase_pool,
          lemuel_fruit_fields
Lair:3:   dpeg_oklob_gauntlet, layout_chaotic_city, swamp_mist,
          serial_bayou_lake_a, uniq_kirke
Lair:4:   layout_roguey, guppyfry_snake_entry_garden
Lair:5:   layout_small_grid, ebering_ghost_disaster_area
Lair:6:   gammafunk_lair_ancient_temple, layout_misc_corridors, slime_entry_1,
          uniq_sonja, uniq_nessos
Snake:1:  layout_onion, uniq_louise, uniq_frances
Snake:2:  layout_misc_corridors, serial_bayou, serial_bayou_pond_c,
          serial_bayou_pond_b, serial_bayou_pond_d, serial_bayou_ford_a,
          grunt_ministairs_14
Snake:3:  layout_concentric_octagons, basic_altar, serial_bayou_shore_b,
          minmay_shop_star, uniq_nikola
Orc:1:    layout_diamond_mine, hellmonk_ghost_happy_afterlife, serial_shops,
          nicolae_shop_temple_entry_statues_fountains, lightli_orcish_oven
Orc:2:    grunt_orc_gardens, layout_caves, grunt_orc_garden, grunt_orc_garden,
          grunt_orc_garden, grunt_orc_garden, guppyfry_orc_lava_fort,
          uniq_josephine

Skill      XL: |  1  2  3  4  5  6  7  8  9 10 11 12 13 14 15 16 |
---------------+-------------------------------------------------+-----
Spellcasting   | 3 4 5 6 8 9 10 11 12 13 | 13.8
Stealth        | 2 3 |  3.0
Dodging        | 2 3 4 5 6 7 8 9 |  9.8
Hexes          | 1 4 |  4.2
Fighting       | 2 4 5 7 8 9 10 11 | 11.0
Necromancy     | 5 6 7 8 9 10 12 13 | 13.0
Evocations     | 1 2 3 4 |  4.2
Invocations    | 2 4 5 6 7 8 |  8.4
Staves         | 2 |  2.0
Summonings     | 2 3 4 6 8 9 |  9.1
Shields        | 2 4 5 |  5.0
Maces & Flails | 2 3 4 5 6 7 |  7.1
Translocations | 1 2 |  2.0
Earth Magic    | 1 3 5 6 |  6.1
Air Magic      | 1 3 |  3.0
Armour         | 1 4 |  4.3

Action                   |  1- 3 |  4- 6 |  7- 9 | 10-12 | 13-15 | 16-18 || total
-------------------------+-------+-------+-------+-------+-------+-------++-------
Melee: Mace              |    31 |       |       |       |       |       ||    31
       Short sword       |    25 |   101 |     4 |       |       |       ||   130
       Spear             |       |    77 |     8 |     2 |       |       ||    87
       Staff             |       |     4 |    83 |   240 |    12 |       ||   339
       Punch             |       |     1 |     3 |     7 |       |       ||    11
       Flail             |       |       |   318 |   177 |       |       ||   495
       Whip              |       |       |       |   648 |  1011 |   243 ||  1902
       Hand axe          |       |       |       |    38 |   123 |       ||   161
Throw: Dart              |       |       |       |     1 |       |       ||     1
 Cast: Necrotise         |    51 |    19 |    43 |     2 |     1 |       ||   116
       Vampiric Draining |     2 |     5 |    37 |   156 |   126 |    37 ||   363
       Tukima's Dance    |       |     1 |       |    15 |     4 |       ||    20
       Blink             |       |       |       |     4 |    13 |       ||    17
       Borgnjor's Vile C |       |       |       |     1 |    81 |     3 ||    85
       Summon Lightning  |       |       |       |       |    22 |     4 ||    26
       Anguish           |       |       |       |       |    31 |    10 ||    41
       Animate Dead      |       |       |       |       |    17 |    10 ||    27
       Lee's Rapid Decon |       |       |       |       |     4 |       ||     4
       Death Channel     |       |       |       |       |       |    11 ||    11
       Summon Cactus Gia |       |       |       |       |       |     4 ||     4
Invok: Channel Magic     |       |       |       |     1 |     4 |     1 ||     6
       Forget Spell      |       |       |       |       |       |     1 ||     1
Evoke: Wand              |       |     1 |     4 |    32 |     3 |       ||    40
       Phantom mirror    |       |       |       |     2 |     5 |     1 ||     8
       Lightning rod     |       |       |       |       |     3 |     1 ||     4
       Box of beasts     |       |       |       |       |     1 |       ||     1
  Use: Scroll            |       |       |    11 |     8 |    10 |     2 ||    31
 Stab: Sleeping          |     1 |     3 |     2 |     2 |     3 |     1 ||    12
       Paralysed         |       |     2 |     4 |    35 |       |       ||    41
       Distracted        |       |       |     2 |       |    11 |     6 ||    19
Armor: Ring mail         |    31 |    96 |   215 |   389 |   583 |   129 ||  1443
       Robe              |     2 |       |       |   116 |       |       ||   118
Dodge: Dodged            |    46 |   110 |   429 |  1098 |   991 |   249 ||  2923
Block: Other             |       |       |    93 |   139 |       |       ||   232
       Reflection        |       |       |       |    11 |       |       ||    11
       Buckler           |       |       |       |   317 |   456 |   139 ||   912

Table legend: (Time is in decaauts)
 A = Elapsed time spent in this place.
 B = Non-inter-level travel time spent in this place.
 C = Inter-level travel time spent in this place.
 D = Time resting spent in this place.
 E = Time spent auto-exploring this place.
 F = Levels seen in this place.
 G = Mean time per level.
                   A        B        C        D        E       F      G
               +--------+--------+--------+--------+--------+-----+--------+
         Total |  35146 |  33349 |   1797 |   4359 |  17395 |  27 | 1301.7 |
       Dungeon |  21015 |  19637 |   1378 |   2646 |  10215 |  15 | 1401.0 |
        Temple |    122 |    114 |      8 |      0 |      0 |   1 |  122.0 |
          Lair |   8865 |   8565 |    300 |   1238 |   4675 |   6 | 1477.5 |
     Snake Pit |   2860 |   2812 |     48 |    226 |   1520 |   3 |  953.3 |
  Orcish Mines |   2283 |   2221 |     62 |    249 |    984 |   2 | 1141.5 |
               +--------+--------+--------+--------+--------+-----+--------+

Top non-repeatable levels by time:
     D:6: 2876 daAuts
     D:8: 2558 daAuts
  Lair:5: 2379 daAuts
     D:2: 1974 daAuts
     D:7: 1871 daAuts
  Lair:6: 1765 daAuts
   Orc:2: 1575 daAuts
     D:4: 1438 daAuts
  Lair:2: 1435 daAuts
    D:14: 1371 daAuts
     D:9: 1266 daAuts
 Snake:2: 1255 daAuts
     D:3: 1193 daAuts
  Lair:3: 1165 daAuts
  Lair:4: 1143 daAuts
